 Dungeon Sprint DCSS version 0.30-a0-459-g9104f0fc43 (webtiles) character file.

Game seed: 6936791972016622809

4700000 garrulousMonolith the Axe Maniac (level 27, -20/228 HPs)
             Began as a Djinni Warper on Dec 16, 2022.
             Was the Champion of Makhleb.
             Demolished by The Servant
             ... wielding a +9 glaive of flaming
              (125 damage)
             ... in the Dungeon (Sprint VIII: "Arena of Blood").
             The game lasted 00:03:02 (47 turns).

garrulousMonolith the Axe Maniac (Djinni Warper)      Turns: 47, Time: 00:03:02

Health: -20/228    AC:  6    Str: 10    XL:     27
Gold:   0          EV: 37    Int: 16    God:    Makhleb [******] SH:  0 Dex: 26

rFire   + + .      SeeInvis .    h - +∞ Axe of Woe
rCold   x . .      Faith    .    (shield currently unavailable)
rNeg    . . .      Spirit   .    a - +0 leather armour
rPois   ∞          Reflect  .    (no helmet)
rElec   .          Harm     .    (no cloak)
rCorr   .          Rampage  .    (no gloves)
Will    ++...      NoTele   +    (boots unavailable)
Stlth   ++++++++++               (no amulet)
HPRegen 0.58/turn                (no ring)
MPRegen 0.00/turn                (no ring)

@: flying
A: sickness immunity, fire resistance 2, cold vulnerability 1, float, innate
caster, HP casting, extra vitality 1
a: Renounce Religion, Minor Destruction, Lesser Servant of Makhleb, Major
Destruction, Greater Servant of Makhleb


You were in the Dungeon.
You worshipped Makhleb.
Makhleb was exalted by your worship.
You visited 1 branch

Inventory:

Hand Weapons
 h - the +∞ Axe of Woe (weapon)
   (You found it in the Dungeon)
Missiles
 c - 7 boomerangs of dispersal (quivered)
Armour
 a - a +0 leather armour (worn)
Scrolls
 b - 2 scrolls of blinking
Potions
 d - a potion of curing
 f - a potion of haste
 g - a potion of berserk rage


   Skills:
 O Level 27 Fighting
 O Level 27 Short Blades
 O Level 27 Long Blades
 O Level 27 Axes
 + Level 20.3(27) Maces & Flails
 O Level 27 Polearms
 O Level 27 Staves
 O Level 27 Ranged Weapons
 O Level 27 Throwing
 O Level 27 Armour
 O Level 27 Dodging
 O Level 27 Stealth
 O Level 27 Shields
 O Level 27 Unarmed Combat
 O Level 27 Spellcasting
 O Level 27 Invocations
 O Level 27 Evocations


You couldn't memorise any spells.
You knew the following spells:

 Your Spells              Type           Power      Damage    Failure   Level
a - Blink                 Tloc           100%       N/A       0%          2
b - Lesser Beckoning      Tloc           100%       N/A       0%          3
c - Vhi's Electric Charg  Tloc/Air       100%       N/A       0%          3
d - Teleport Other        Tloc           82%        N/A       0%          3
e - Manifold Assault      Tloc           82%        N/A       0%          4
f - Beastly Appendage     Tmut           100%       N/A       0%          1
g - Call Imp              Summ           82%        N/A       0%          2
h - Hailstorm             Conj/Ice       82%        3d17      0%          3
i - Passage of Golubria   Tloc           82%        N/A       0%          4
j - Silence               Hex/Air        41%        N/A       0%          5
k - Agony                 Necr           82%        N/A       0%          5
l - Eringya's Noxious Bo  Tmut/Pois      41%        N/A       0%          6
m - Iron Shot             Conj/Erth      41%        9d8       0%          6
n - Enfeeble              Hex            41%        N/A       1%          7
o - Spellforged Servitor  Conj/Summ      41%        N/A       1%          7
p - Disjunction           Tloc           41%        N/A       1%          8
q - Lehudib's Crystal Sp  Conj/Erth      41%        10d10     1%          8
r - Dragon's Call         Summ           41%        N/A       2%          9
Your spell library was empty.

Dungeon Overview and Level Annotations

Branches:
Dungeon (1/1)

Altars:
Makhleb

Annotations:
D The Servant


Innate Abilities, Weirdness & Mutations

You are immune to sickness and miasma.
You are immune to poison.
Your flesh is very heat resistant. (rF++)
You are vulnerable to cold. (rC-)
You float through the air rather than walking.
You learn spells naturally, not from books.
Your magical power is your life essence.
You have superior vitality. (+4 MHP)


Message History

You destroy the sculptor of flesh!
Makhleb accepts your kill.
You slash the bag of meat! You chop the bag of meat into pieces.
You kill the bag of meat!
Makhleb accepts your kill.
You are engulfed in blazing flames.
You resist.
You hear a shout! x3
The accursed casts a spell at you. Something smites you!
A sculptor of flesh comes into view. It is wielding a +9 great sword.
The Servant hits you from afar with a +9 glaive of flaming!!!!!
Ouch! That really hurt!
The Servant burns you!
* * * LOW HITPOINT WARNING * * *
The destroyer casts a spell at you.
The destroyer blinks!
You hear a shout! x2
You have mastered Long Blades!
You have mastered Polearms!
You have mastered Staves!
You have mastered Ranged Weapons!
You need to enable at least one skill for training.
Your base Maces & Flails skill gained 14 levels and is now at level 14!
You hit the destroyer. You chop the destroyer into pieces.
You destroy the destroyer!
Makhleb accepts your kill.
You feel better.
You are engulfed in blazing flames.
You resist.
You hear a shout! x3
A bag of meat comes into view. It is wielding a +9 war axe.
The bag of meat is engulfed in blazing flames.
A bag of meat comes into view. It is wielding a +9 war axe.
You hear a shout! x2
Your base Maces & Flails skill gained 6 levels and is now at level 20!
You slice the bag of meat!!
You pulverise the bag of meat into a thin bloody mist.
You kill the bag of meat!
Makhleb accepts your kill.
You feel better.
You are engulfed in blazing flames.
You resist.
You hear a shout! x2
The Servant hits you from afar with a +9 glaive of flaming!!!!
Ouch! That really hurt!
You die...

.. ... .# .##
####... ... ..
....... ...##.#
....... .......
.......
...o....)#)#.§.....
.....z...§§§).M..##
.........o)§)@.....
#......^.o○@°☼...o.
.........§§§§..oo..
.......§☼○○§.....
#.))○...#oo...o
#.).)...#.....o
o..###°)○.○..###.o..
......).###.........
#.....).)_).........
......#..)..#.O..


You could see an accursed, The Servant, a sculptor of flesh and 10 bags of meat.

Vanquished Creatures
  A royal mummy (D)
  11 vampire knights (D)
  22 ogres (D)
  7 two-headed ogres (D)
  47 orcs (D)
  2 skeletal warriors (D)
90 creatures vanquished.

Notes
Turn   | Place    | Note
-------+----------+-------------------------------------------
     0 | D        | Found the +∞ Axe of Woe
     0 | D        | garrulousMonolith the Djinni Warper began the quest for the
                  | Orb.
     0 | D        | garrulousMonolith set off with the following spells
                  | memorised: Blink, Lesser Beckoning, Vhi's Electric Charge,
                  | Teleport Other, Manifold Assault.
     0 | D        | Reached XP level 1. HP: 18/18 MP: 0/0
     0 | D        | Noticed a meat berserker
     1 | D        | Noticed a bag of meat
     2 | D        | Killed a meat berserker
     2 | D        | Noticed a bag of meat
     2 | D        | Noticed a bag of meat
     3 | D        | Reached skill level 10 in Throwing
     3 | D        | Reached skill level 10 in Spellcasting
     3 | D        | Reached XP level 2. HP: 39/39 MP: 0/0
     3 | D        | Reached XP level 3. HP: 44/44 MP: 0/0
     3 | D        | Learned a level 1 spell: Beastly Appendage
     3 | D        | Reached XP level 4. HP: 50/50 MP: 0/0
     3 | D        | Reached XP level 5. HP: 56/56 MP: 0/0
     3 | D        | Learned a level 2 spell: Call Imp
     3 | D        | Reached XP level 6. HP: 62/62 MP: 0/0
     3 | D        | Reached XP level 7. HP: 67/67 MP: 0/0
     3 | D        | Learned a level 3 spell: Hailstorm
     3 | D        | Reached XP level 8. HP: 74/74 MP: 0/0
     3 | D        | Reached XP level 9. HP: 79/79 MP: 0/0
     3 | D        | Learned a level 4 spell: Passage of Golubria
     3 | D        | Reached XP level 10. HP: 85/85 MP: 0/0
     3 | D        | Reached XP level 11. HP: 91/91 MP: 0/0
     3 | D        | Learned a level 5 spell: Silence
     3 | D        | Reached XP level 12. HP: 96/96 MP: 0/0
     3 | D        | Killed a bag of meat
     3 | D        | Noticed a bag of meat
     4 | D        | Reached XP level 13. HP: 104/104 MP: 0/0
     4 | D        | Learned a level 5 spell: Agony
     6 | D        | Became a worshipper of Makhleb the Destroyer
     7 | D        | Killed a bag of meat
     8 | D        | Reached skill level 10 in Axes
     8 | D        | Killed a bag of meat
     8 | D        | Reached * piety under Makhleb
     8 | D        | Noticed a meat berserker
     8 | D        | Noticed a bag of meat
     8 | D        | Noticed a meat berserker
     9 | D        | Reached XP level 14. HP: 111/111 MP: 0/0
     9 | D        | Noticed a bag of meat
    10 | D        | Noticed a meat berserker
    10 | D        | Noticed a bag of meat
    11 | D        | Killed a meat berserker
    11 | D        | Killed a meat berserker
    11 | D        | Noticed a bag of meat
    12 | D        | Reached XP level 15. HP: 67/116 MP: 0/0
    12 | D        | Learned a level 6 spell: Eringya's Noxious Bog
    12 | D        | Killed a meat berserker
    12 | D        | Reached ** piety under Makhleb
    13 | D        | Noticed a meat berserker
    13 | D        | Noticed a meat berserker
    15 | D        | Noticed a meat berserker
    15 | D        | Noticed a meat berserker
    15 | D        | Noticed a large bag of meat
    15 | D        | Noticed a meat berserker
    16 | D        | Noticed a meat berserker
    17 | D        | Noticed a meat berserker
    18 | D        | Reached XP level 16. HP: 48/122 MP: 0/0
    18 | D        | Killed a meat berserker
    19 | D        | Reached skill level 27 in Axes
    19 | D        | Killed a meat berserker
    19 | D        | Reached *** piety under Makhleb
    20 | D        | Reached skill level 27 in Dodging
    20 | D        | Reached XP level 17. HP: 115/130 MP: 0/0
    20 | D        | Learned a level 6 spell: Iron Shot
    20 | D        | Reached **** piety under Makhleb
    20 | D        | Noticed a meat berserker
    20 | D        | Noticed a large bag of meat
    20 | D        | Noticed a meat berserker
    21 | D        | Killed a meat berserker
    21 | D        | Killed a meat berserker
    21 | D        | Noticed a large bag of meat
    22 | D        | Reached skill level 27 in Fighting
    22 | D        | Reached skill level 15 in Armour
    22 | D        | Reached XP level 18. HP: 167/167 MP: 0/0
    22 | D        | Killed a meat berserker
    22 | D        | Reached ***** piety under Makhleb
    22 | D        | Noticed a large bag of meat
    22 | D        | Noticed a destroyer
    23 | D        | Killed a meat berserker
    24 | D        | Reached skill level 27 in Armour
    24 | D        | Reached XP level 19. HP: 174/174 MP: 0/0
    24 | D        | Learned a level 7 spell: Enfeeble
    24 | D        | Noticed a meat berserker
    25 | D        | Noticed a meat berserker
    26 | D        | Killed a meat berserker
    26 | D        | Killed a meat berserker
    26 | D        | Reached ****** piety under Makhleb
    26 | D        | Killed a large bag of meat
    26 | D        | Killed a large bag of meat
    26 | D        | Noticed a large bag of meat
    27 | D        | Reached skill level 27 in Stealth
    27 | D        | Reached XP level 20. HP: 157/181 MP: 0/0
    27 | D        | Noticed a destroyer
    28 | D        | Killed a meat berserker
    28 | D        | Noticed a large bag of meat
    29 | D        | Reached XP level 21. HP: 182/187 MP: 0/0
    29 | D        | Learned a level 7 spell: Spellforged Servitor
    29 | D        | Noticed a destroyer
    29 | D        | Noticed a meat berserker
    29 | D        | Noticed a destroyer
    29 | D        | Noticed a meat berserker
    29 | D        | Noticed a large bag of meat
    30 | D        | Noticed a meat berserker
    30 | D        | Noticed a destroyer
    30 | D        | Killed a destroyer
    30 | D        | Noticed a destroyer
    31 | D        | Reached skill level 27 in Spellcasting
    31 | D        | Noticed The Servant
    32 | D        | Noticed a meat berserker
    32 | D        | Noticed a destroyer
    32 | D        | Killed a meat berserker
    33 | D        | Reached XP level 22. HP: 191/194 MP: 0/0
    33 | D        | Killed a destroyer
    33 | D        | Killed a meat berserker
    34 | D        | Reached skill level 27 in Invocations
    34 | D        | Killed a destroyer
    34 | D        | Killed a large bag of meat
    34 | D        | Noticed a destroyer
    35 | D        | Reached skill level 27 in Unarmed Combat
    35 | D        | Reached XP level 23. HP: 186/201 MP: 0/0
    35 | D        | Learned a level 8 spell: Disjunction
    35 | D        | Killed a large bag of meat
    35 | D        | Killed a destroyer
    36 | D        | Reached skill level 27 in Throwing
    36 | D        | Reached XP level 24. HP: 196/208 MP: 0/0
    36 | D        | Killed a destroyer
    37 | D        | Killed a destroyer
    37 | D        | Noticed a destroyer
    38 | D        | Reached skill level 15 in Short Blades
    38 | D        | Reached skill level 15 in Long Blades
    38 | D        | Reached skill level 15 in Staves
    38 | D        | Reached XP level 25. HP: 210/214 MP: 0/0
    38 | D        | Learned a level 8 spell: Lehudib's Crystal Spear
    38 | D        | Killed a large bag of meat
    40 | D        | Killed a destroyer
    41 | D        | Reached XP level 26. HP: 218/221 MP: 0/0
    42 | D        | Killed a large bag of meat
    42 | D        | Noticed a destroyer
    43 | D        | Noticed an accursed
    43 | D        | Killed an accursed
    43 | D        | Killed a destroyer
    43 | D        | Noticed a destroyer
    44 | D        | Reached XP level 27. HP: 88/228 MP: 0/0
    44 | D        | Learned a level 9 spell: Dragon's Call
    44 | D        | Noticed an accursed
    44 | D        | Killed a large bag of meat
    44 | D        | Killed a destroyer
    45 | D        | Reached skill level 27 in Short Blades
    45 | D        | Reached skill level 27 in Shields
    45 | D        | Reached skill level 27 in Evocations
    45 | D        | Killed a destroyer
    46 | D        | Reached skill level 27 in Long Blades
    46 | D        | Reached skill level 27 in Polearms
    46 | D        | Reached skill level 27 in Staves
    46 | D        | Reached skill level 27 in Ranged Weapons
    46 | D        | Killed a destroyer
    47 | D        | Demolished by The Servant

Illustrated notes

Levels and vault maps discovered:
D:        meatsprint

Skill      XL: |  1  2  3  4  5  6  7  8  9 10 11 12 13 14 15 16 17 18 19 20 21 22 23 24 25 26 27 |
---------------+----------------------------------------------------------------------------------+-----
Fighting       | 12 13 14 27 | 27.0
Throwing       | 10 11 23 27 | 27.0
Armour         | 12 13 15 27 | 27.0
Dodging        | 13 14 27 | 27.0
Unarmed Combat | 12 13 27 | 27.0
Spellcasting   | 10 11 19 24 27 | 27.0
Axes           | 14 22 26 27 | 27.0
Stealth        | 8 27 | 27.0
Invocations    | 26 27 | 27.0
Short Blades   | 9 15 19 24 27 | 27.0
Long Blades    | 9 15 19 24 27 | 27.0
Polearms       | 8 13 18 22 27 | 27.0
Staves         | 9 15 19 24 27 | 27.0
Ranged Weapons | 8 13 18 22 27 | 27.0
Shields        | 9 16 21 26 27 | 27.0
Evocations     | 9 16 21 26 27 | 27.0
Maces & Flails | 20 | 20.3

Action                   |  1- 3 |  4- 6 |  7- 9 | 10-12 | 13-15 | 16-18 | 19-21 | 22-24 | 25-27 || total
-------------------------+-------+-------+-------+-------+-------+-------+-------+-------+-------++-------
Melee: Executioner's axe |     1 |       |       |     1 |     5 |     6 |     5 |     5 |    16 ||    39
 Cast: Passage of Golubr |       |       |       |       |     1 |       |       |       |       ||     1
       Blink             |       |       |       |       |       |       |     1 |       |       ||     1
       Manifold Assault  |       |       |       |       |       |       |       |       |     2 ||     2
  Use: Potion            |       |       |       |       |     1 |       |       |       |       ||     1
Armor: Leather armour    |       |       |       |       |       |       |     1 |       |     1 ||     2
Dodge: Dodged            |       |       |       |       |       |       |     2 |       |     3 ||     5

Table legend: (Time is in decaauts)
 A = Elapsed time spent in this place.
 B = Non-inter-level travel time spent in this place.
 C = Inter-level travel time spent in this place.
 D = Time resting spent in this place.
 E = Time spent auto-exploring this place.
 F = Levels seen in this place.
 G = Mean time per level.
                   A        B        C        D        E       F      G
               +--------+--------+--------+--------+--------+-----+--------+
         Total |     41 |     41 |      0 |      0 |      0 |   1 |   41.0 |
       Dungeon |     41 |     41 |      0 |      0 |      0 |   1 |   41.0 |
               +--------+--------+--------+--------+--------+-----+--------+

Top non-repeatable levels by time:
       D: 41 daAuts
